 Dungeon Crawl Stone Soup version 0.31.0-1-g2c135a0 (webtiles) character file.

Game seed: 4615061632151501233

3701 samcosmo the Thaumaturge (level 9, -11/52 HPs)
             Began as a Deep Elf Alchemist on Mar 15, 2024.
             Was a Follower of Sif Muna.
             Mangled by a two-headed ogre
             ... wielding a +0 giant club
              (20 damage)
             ... on level 8 of the Dungeon.
             The game lasted 00:36:00 (10275 turns).

samcosmo the Thaumaturge (Deep Elf Alchemist)      Turns: 10275, Time: 00:36:01

Health: -11/52     AC:  6    Str:  5    XL:     9   Next: 91%
Magic:  21/23      EV: 17    Int: 25    God:    Sif Muna [*.....]
Gold:   432        SH:  0    Dex: 21    Spells: 5/24 levels left

rFire   . . .        c - +4 dagger (venom)
rCold   . . .        (no shield)
rNeg    . . .        a - +0 robe
rPois   .            q - +0 helmet
rElec   .            m - +2 cloak
rCorr   .            (no gloves)
SInv    .            (no boots)
Will    .....        (no amulet)
Stlth   ++           D - +6 ring of dexterity
HPRegen 0.28/turn    (no ring)
MPRegen 0.18/turn

%: no passive effects
@: swift, studying Air Magic, very quick
A: no striking features
a: Renounce Religion, Channel Magic


You were on level 8 of the Dungeon.
You worshipped Sif Muna.
Sif Muna was aware of your devotion.
You visited 2 branches of the dungeon, and saw 9 of its levels.
You also visited: Ossuary.

You collected 432 gold pieces.

Inventory:

Hand Weapons
 c - a +4 dagger of venom (weapon)
 p - a +1 dagger of venom
Armour
 a - a +0 robe (worn)
 m - a +2 cloak (worn)
 q - a +0 helmet (worn)
 s - a +1 cloak
 w - a +2 leather armour of poison resistance
Jewellery
 k - an amulet of faith
 D - a +6 ring of dexterity (left hand)
 G - a ring of ice
Talismans
 f - a flux talisman
Wands
 i - a wand of polymorph (18)
 A - a wand of digging (7)
 E - a wand of flame (23)
Scrolls
 d - a scroll of fear
 h - a scroll of noise
 r - 4 scrolls of teleportation
 t - a scroll of amnesia
 x - 2 scrolls of blinking
 y - a scroll of vulnerability
 C - 2 scrolls of poison
Potions
 b - a potion of magic
 e - a potion of attraction
 g - 6 potions of curing
 j - 2 potions of heal wounds
 l - 3 potions of lignification
 n - 4 potions of degeneration
 o - 3 potions of might
 u - 3 potions of enlightenment
 v - 4 potions of mutation
 z - a potion of ambrosia {unknown}
 B - 3 potions of haste
 F - 2 potions of resistance {unknown}


   Skills:
 + Level 4.3 Fighting
 + Level 6.9 Dodging
 - Level 2.4 Stealth
 + Level 8.3 Spellcasting
 - Level 1.1 Conjurations
 * Level 5.8 Fire Magic
 + Level 6.2 Air Magic
 - Level 8.0 Alchemy
 + Level 3.9 Invocations


You had 5 spell levels left.
You knew the following spells:

 Your Spells              Type           Power      Damage    Failure   Level
a - Sting                 Conj/Alch      100%       1d9       1%          1
b - Mercury Vapours       Alch/Air       90%        N/A       1%          2
c - Mephitic Cloud        Conj/Alch/Air  35%        N/A       2%          3
d - Sticky Flame          Fire/Alch      45%        2d9       3%          4
e - Swiftness             Air            41%        N/A       1%          3
f - Olgreb's Toxic Radia  Alch           50%        N/A       2%          4
g - Scorch                Fire           78%        2d8       1%          2

Your spell library contained the following spells:

 Spells                   Type           Power      Damage    Failure   Level
 Magic Dart               Conj           60%        1d6       3%          1
 Kiss of Death            Conj/Necr      52%        2d9       4%          1
 Apportation              Tloc           20%        N/A       6%          1
 Necrotise                Necr           40%        1d6       6%          1
 Summon Small Mammal      Summ           40%        N/A       6%          1
 Blink                    Tloc           20%        N/A       9%          2
 Call Imp                 Summ           20%        N/A       9%          2
 Ensorcelled Hibernation  Hex/Ice        20%        N/A       9%          2
 Lesser Beckoning         Tloc           20%        N/A       9%          2
 Flame Wave               Conj/Fire      27%        2d9       14%         4
 Confusing Touch          Hex            10%        N/A       17%         3
 Gell's Gravitas          Tloc           10%        N/A       17%         3
 Passwall                 Erth           10%        N/A       17%         3
 Teleport Other           Tloc           10%        N/A       17%         3
 Dispel Undead            Necr           10%        3d9       50%         4
 Dispersal                Tloc           5%         N/A       100%        6
 Summon Cactus Giant      Summ           5%         N/A       100%        6


Dungeon Overview and Level Annotations

Branches:
Dungeon (8/15)             Temple (1/1) D:4         Ossuary (visited)
   Lair: D:8-11

Altars:
Ashenzari
Cheibriados
Dithmenos
Elyvilon
Fedhas
Gozag
Hepliaklqana
Kikubaaqudgha
Makhleb
Nemelex Xobeh
Okawaru
Qazlal
Ru
Sif Muna
Trog
Uskayaw
Wu Jian
Xom
Yredelemnul
Zin
The Shining One

Shops:
D:4 =   D:7 :


Message History

The two-headed ogre is severely wounded.
You don't have enough magic to cast this spell.
The two-headed ogre is engulfed in noxious fumes.
You climb upwards.
There is a stone staircase leading down here.
You start resting.
Magic restored.
You climb downwards.
The orc shouts!
The two-headed ogre is no longer weakened.
The orc barely misses you. The orc misses you.
There is a stone staircase leading up here.
Flames lash the orc.
You kill the orc!
Sif Muna accepts your kill.
You climb upwards.
There is a stone staircase leading down here.
You start resting.
Magic restored.
You climb downwards.
The two-headed ogre hits you with a +0 giant club!!
The two-headed ogre closely misses you.
There is a stone staircase leading up, spattered with blood here.
Casting: Scorch (safe; 1% risk of failure)
Confirm with . or Enter, or press ? or * to list all spells.
You feel quick.
An orc wizard comes into view. It is wielding a +0 dagger.
The two-headed ogre barely misses you.
The two-headed ogre hits you with a +0 giant club!!
* * * LOW HITPOINT WARNING * * *
Things that are here:
a +0 leather armour; a +0 short sword The orc wizard barely misses you.
Found a stone staircase leading down.
The orc wizard hits you with a +0 dagger.
* * * LOW HITPOINT WARNING * * *
The orc wizard hits you but does no damage.
There is an escape hatch in the ceiling here.
The two-headed ogre hits you with a +0 giant club!!
You die...

...............##
>...................
...$................
..........<........
....#.........##.
###........<...##.
##.........[........
#..............#....
.#.@O.......# ###
#..o.......#
.................
#..#.........##...
.............## #...
.###.........# ...
#..........#
...###.....#


You could see a two-headed ogre and an orc wizard.

Vanquished Creatures
  Pikel (D:7)
  Eustachio (D:5)
  Edmund (D:4)
  A black bear (D:5)
  5 ice beasts
  3 ogres
  A phantom (D:5)
  An elf zombie (Ossuary)
  A bullfrog (D:8)
  3 scorpions
  8 wights
  4 howler monkeys
  3 jellies
  2 bombardier beetles (D:5)
  8 hounds
  An orc priest (D:3)
  A gnoll bouda (D:5)
  Crazy Yiuf (D:2)
  Terence (D:2)
  Jessica (D:2)
  4 iguanas
  5 scorpion zombies (Ossuary)
  5 sleepcaps
  An orc wizard (D:5)
  3 mummies (Ossuary)
  10 gnolls
  7 adders
  3 white imps
  2 ufetubi (D:6)
  3 adder zombies (Ossuary)
  4 dart slugs
  13 orcs
  4 endoplasms
  4 giant cockroaches
  3 gnoll zombies (Ossuary)
  13 goblins
  3 hobgoblins
  A jackal (D:5)
  4 quokkas
  3 ball pythons
  8 bats
  A frilled lizard (D:2)
  A jackal zombie (Ossuary)
  9 kobolds
  4 kobold zombies (Ossuary)
  7 rats
173 creatures vanquished.

Notes
Turn   | Place    | Note
-------+----------+-------------------------------------------
     0 | D:1      | samcosmo the Deep Elf Alchemist began the quest for the
                  | Orb.
     0 | D:1      | Reached XP level 1. HP: 10/10 MP: 6/6
    51 | D:1      | Reached XP level 2. HP: 8/15 MP: 0/8
   711 | D:1      | Reached XP level 3. HP: 20/20 MP: 7/10
   714 | D:1      | Learned a level 2 spell: Mercury Vapours
   718 | D:1      | Learned a level 3 spell: Mephitic Cloud
  1055 | D:2      | Found a shimmering altar of Xom.
  1246 | D:2      | Noticed Terence
  1256 | D:2      | Killed Terence
  1257 | D:2      | Reached skill level 1 in Fighting
  1257 | D:2      | Reached XP level 4. HP: 25/25 MP: 0/12
  1531 | D:2      | Noticed Jessica
  1535 | D:2      | Killed Jessica
  1674 | D:2      | Reached skill level 5 in Spellcasting
  1677 | D:2      | Reached XP level 5. HP: 19/29 MP: 1/14
  2044 | D:2      | Found a runed translucent door.
  2045 | D:2      | Noticed Crazy Yiuf
  2091 | D:2      | Killed Crazy Yiuf
  2993 | D:3      | Learned a level 4 spell: Sticky Flame
  3018 | D:3      | Found a sacrificial altar of Ru.
  3443 | D:4      | Reached skill level 1 in Fire Magic
  3443 | D:4      | Reached XP level 6. HP: 35/35 MP: 8/16
  3446 | D:4      | Found a sand-covered staircase.
  3459 | Ossuary  | Entered an ossuary
  3889 | Ossuary  | Reached skill level 1 in Air Magic
  3889 | Ossuary  | Reached skill level 5 in Alchemy
  4046 | Ossuary  | Reached XP level 7. HP: 24/40 MP: 12/17
  4464 | D:4      | Noticed Edmund
  4479 | D:4      | Killed Edmund
  4837 | D:4      | Learned a level 3 spell: Swiftness
  4931 | D:4      | Found a staircase to the Ecumenical Temple.
  4977 | D:4      | Reached skill level 5 in Dodging
  5073 | Temple   | Entered the Ecumenical Temple
  5097 | Temple   | Became a worshipper of Sif Muna the Loreminder
  5158 | D:4      | Identified the +0 ring mail of the Shore {rPois rCorr
                  | Stlth+}
  5363 | D:4      | Found Boqoz's Jewellery Boutique.
  5458 | D:5      | Entered Level 5 of the Dungeon
  5622 | D:5      | Reached XP level 8. HP: 42/45 MP: 8/19
  6161 | D:5      | Reached skill level 1 in Invocations
  6764 | D:5      | Learned a level 4 spell: Olgreb's Toxic Radiance
  6848 | D:5      | Reached * piety under Sif Muna
  7022 | D:5      | Found a sparkling altar of Nemelex Xobeh.
  7041 | D:5      | Noticed Eustachio
  7052 | D:5      | Killed Eustachio
  7053 | D:5      | Reached XP level 9. HP: 45/51 MP: 7/22
  7250 | D:5      | Learned a level 2 spell: Scorch
  7693 | D:6      | Reached skill level 5 in Air Magic
  8824 | D:7      | Found an iron altar of Okawaru.
  8912 | D:7      | Reached skill level 5 in Fire Magic
  9234 | D:7      | Found a broken altar of Ashenzari.
  9305 | D:7      | Noticed Pikel
  9452 | D:7      | Killed Pikel
  9567 | D:7      | Found Feahabb's Book Boutique.
 10120 | D:8      | Noticed a two-headed ogre
 10275 | D:8      | Mangled by a two-headed ogre

Illustrated notes

Levels and vault maps discovered:
D:1:      minmay_arrival_diagonal_passages, layout_basic, minmay_hedge_maze
D:2:      layout_loops_ring, basic_altar, uniq_jessica, uniq_crazy_yiuf_cottage,
          uniq_terence
D:3:      layout_basic, nicolae_overflow_crystal_walls
D:4:      layout_basic, temple_statues, enter_ossuary_2, serial_shops,
          nicolae_shop_tiny_waterfront, minmay_misc_feat_four_crosses,
          uniq_edmund
D:5:      wad_river_or_something, layout_basic, nemelex_altar_shiori,
          uniq_eustachio
D:6:      layout_cave_pods, eino_small_chamber_without_monster
D:7:      layout_basic, mainiacjoe_overflow_paths,
          mainiacjoe_overflow_boulevard, serial_shops, nicolae_take_the_stairs,
          uniq_pikel
D:8:      layout_cave_pools, serial_gnoll_camp, gnoll_camp_medium_02,
          grums_kennel, gnoll_camp_mini_loothouse, gnoll_camp_mini_house,
          minmay_fractal_squares_diagonal_5
Temple:   nicolae_temple_bog_church

Skill      XL: |  1  2  3  4  5  6  7  8  9 |
---------------+----------------------------+-----
Spellcasting   | 4 5 6 7 8 |  8.3
Dodging        | 3 4 5 6 |  6.9
Fighting       | 1 2 3 4 |  4.3
Alchemy        | 4 5 6 7 8 |  8.0
Fire Magic     | 1 2 3 5 |  5.8
Air Magic      | 1 3 4 6 |  6.2
Invocations    | 2 3 |  3.9
Stealth        | |  2.4
Conjurations   | |  1.1

Action                     |  1- 3 |  4- 6 |  7- 9 || total
---------------------------+-------+-------+-------++-------
  Melee: Unarmed           |     3 |       |       ||     3
         Dagger            |     2 |    36 |    20 ||    58
   Cast: Sting             |    57 |    87 |   149 ||   293
         Mercury Vapours   |     1 |     4 |    16 ||    21
         Mephitic Cloud    |     1 |     2 |    13 ||    16
         Sticky Flame      |       |    13 |    18 ||    31
         Swiftness         |       |       |     3 ||     3
         Scorch            |       |       |    86 ||    86
    Use: Scroll            |       |    11 |    10 ||    21
         Potion            |       |       |     1 ||     1
   Stab: Sleeping          |       |       |     1 ||     1
 Armour: Robe              |    11 |    41 |    65 ||   117
  Dodge: Dodged            |    14 |    44 |   103 ||   161
